cohdb
Replays
Latest Replays
All Replays
Popular Replays
Top Player Replays
Match Explorer
How It Works
Community
CoH3 Stats
Reddit
Sign in to upload your games and track your stats! →
Sign in with Steam
Match 47207865
Unlisted
Match 47207865
Overview
Messages
Build Orders
End
Construct Section Command Post
Royal Engineer Section
Dingo Light Scout Car
Vickers Machine Gun Team
Infantry Section
Infantry Section
Infantry Section
Construct Platoon Command Post
CMP 15cwt Truck
Selects Canadian Shock Battlegroup
Selects Incendiary Munitions
Selects Pyrotechnics
Grenade Package
Construct Field Infirmary
Selects Offensive Resupply
6-pounder Anti-tank Gun Team
CosmeFulanito
Cylar
JVM
ToYson
<Alpha>saltingfish
砍人怪
0
0
Comments
sign in to comment!
No comments posted yet!